 Dungeon Crawl Stone Soup version 0.22-a0-605-g9281fa2 (webtiles) character file.

161 Hebeh the Magician (level 5, -2/28 HPs)
             Began as a Deep Elf Fire Elementalist on July 8, 2018.
             Slain by an orc priest
             ... wielding a +0 dagger
              (4 damage)
             ... on level 3 of the Dungeon.
             The game lasted 00:13:54 (3114 turns).

Hebeh the Magician (Deep Elf Fire Elementalist)     Turns: 3114, Time: 00:13:57

Health: -2/28      AC:  9    Str:  5    XL:     5   Next: 19%
Magic:  1/13       EV: 13    Int: 21    God:
Gold:   85         SH:  0    Dex: 15    Spells: 6/12 levels left

rFire    . . .     SeeInvis .   a - +3 dagger (protect)
rCold    . . .     Gourm    .   (no shield)
rNeg     . . .     Faith    .   l - +0 robe (curse)
rPois    .         Spirit   .   (no helmet)
rElec    .         Reflect  .   (no cloak)
rCorr    .         Harm     .   (no gloves)
MR       .....                  (no boots)
Stlth    +++.......             (no amulet)
HPRegen  0.09/turn              (no ring)
MPRegen  0.13/turn              (no ring)

@: lethally poisoned (-2 -> -28), protection aura
A: no striking features
a: no special abilities


You were on level 3 of the Dungeon.
You were not hungry.

You visited 1 branch of the dungeon, and saw 3 of its levels.

You collected 85 gold pieces.

Inventory:

Hand Weapons
 a - a +3 dagger of protection (weapon)
 b - a +0 hunting sling
Missiles
 q - 87 sling bullets
Armour
 l - a cursed +0 robe (worn)
Jewellery
 g - an uncursed ring of ice {unknown}
 u - an uncursed amulet of faith {unknown}
Wands
 f - a wand of iceblast (9)
Scrolls
 i - 3 scrolls of remove curse {unknown}
 j - 3 scrolls of fear {unknown}
 k - a scroll of amnesia {unknown}
 o - a scroll of enchant armour {unknown}
 r - 4 scrolls of identify {unknown}
 s - a scroll of magic mapping {unknown}
Potions
 d - a potion of flight {unknown}
 e - 2 potions of magic {unknown}
 h - a potion of resistance {unknown}
 n - 2 potions of curing {unknown}
 p - a potion of degeneration {unknown}
 t - a potion of haste {unknown}
Comestibles
 c - 2 rations


   Skills:
 + Level 3.3 Dodging
 + Level 3.6 Stealth
 + Level 4.1 Spellcasting
 * Level 3.3 Conjurations
 + Level 3.8 Fire Magic


You had 6 spell levels left.
You knew the following spells:

 Your Spells              Type           Power        Failure   Level  Hunger
a - Flame Tongue          Conj/Fire      ###..        2%          1    None
b - Throw Flame           Conj/Fire      ###...       4%          2    #......
c - Conjure Flame         Conj/Fire      ###.....     9%          3    ###....

Your spell library contained the following spells:

 Spells                   Type           Power        Failure   Level  Hunger
 Fireball                 Conj/Fire      ###.......   58%         5    ######.
 Sticky Flame             Conj/Fire      ###.....     26%         4    ####...
 Inner Flame              Hex/Fire       ##......     16%         3    ###....


Dungeon Overview and Level Annotations

Branches:
Dungeon (3/15)

Altars:
Fedhas
Nemelex Xobeh
Yredelemnul


Message History

Aim: an orc priest, wielding a club and wearing a scale mail (heavily wounded)
The flame tongue hits the orc priest.
You kill the orc priest!
You have reached level 5!
* * * LOW HITPOINT WARNING * * *
You feel sick. The orc hits you but does no damage.
You are more poisoned.
The orc priest hits you but does no damage.
Casting: Flame Tongue (safe; 2% risk of failure)
Confirm with . or Enter, or press ? or * to list all spells.
Aiming: Flame Tongue (safe; 2% risk of failure)
Press: ? - help, Shift-Dir - straight line, f - orc
Aim: an orc, wielding a dagger of venom and wearing a ring mail The flame tongue hits the orc.
The orc is severely wounded.
* * * LOW HITPOINT WARNING * * *
You feel sick. The orc hits you but does no damage.
You are more poisoned.
The orc priest hits you with a dagger.
You die...

. ..#. # #..#. .
.#...#.#...#.##
..#..#..#..#..#.#
...#.#...#.#...#
#.)#..#..#..#.#
#...#.#...#.##
#oo#..#..#.#
#@).#.#.).# #.
#..#..#....# .
....#.#....#.#
.......#....#..#
#
.....#.....###.##
.
.....########..#
#### ##.##
#######..#
#.......##


You could see an orc priest and an orc.

Vanquished Creatures
  2 orc priests (D:3)
  3 adders
  A shadow imp (D:2)
  5 dart slugs
  2 leopard geckos
  11 bats
  2 giant cockroaches
  6 goblins
  4 hobgoblins
  4 jackals (D:3)
  3 quokkas
  A ball python (D:1)
  6 kobolds
  6 rats
56 creatures vanquished.

Notes
Turn   | Place    | Note
-------+----------+-------------------------------------------
     0 | D:1      | Hebeh the Deep Elf Fire Elementalist began the quest for the Orb.
     0 | D:1      | Reached XP level 1. HP: 10/10 MP: 6/6
   276 | D:1      | Reached XP level 2. HP: 15/15 MP: 2/8
  1397 | D:2      | Learned a level 2 spell: Throw Flame
  1445 | D:2      | Reached XP level 3. HP: 19/19 MP: 6/9
  1592 | D:2      | Learned a level 3 spell: Conjure Flame
  1926 | D:2      | Found a sparkling altar of Nemelex Xobeh.
  2076 | D:2      | Reached XP level 4. HP: 24/24 MP: 6/11
  2485 | D:3      | Found a blossoming altar of Fedhas.
  2863 | D:3      | Found a basalt altar of Yredelemnul.
  3094 | D:3      | Reached skill level 4 in Spellcasting
  3113 | D:3      | Reached XP level 5. HP: 5/28 MP: 1/13
  3114 | D:3      | Slain by an orc priest

Vault maps used:
D:1:      nicolae_arrival_somewhat_less_tricky_arrival
D:2:      nemelex_xobeh_ov_fountains_minmay
D:3:      nicolae_overflow_crystal_walls, kennysheep_doodads, fedhas_altar_1

Skill      XL: |  1  2  3  4 |
---------------+-------------+-----
Conjurations   | 2 3 |  3.3
Stealth        | 3 |  3.6
Dodging        | 3 |  3.3
Spellcasting   | 4 |  4.1
Fire Magic     | |  3.8

Action                   |  1- 3 |  4- 6 || total
-------------------------+-------+-------++-------
Melee: Unarmed           |     1 |       ||     1
       Dagger            |    15 |    13 ||    28
 Cast: Flame Tongue      |    38 |    11 ||    49
       Throw Flame       |    22 |    25 ||    47
  Eat: Chunk             |     4 |     4 ||     8
Armor: Robe              |     7 |     7 ||    14
Dodge: Dodged            |    25 |     9 ||    34

Table legend:
 A = Spawn XP
 B = Non-spawn XP
 C = Spawn XP percentage of total XP
 D = Spawn monster count
 E = Non-spawn monster count
 F = Spawn count percentage of total count
 G = Total turns spent on level
                    A         B        C        D         E        F      G
               +---------+---------+-------+---------+---------+-------+---------
         Total |       0 |     231 |   0.0 |       0 |      56 |   0.0 |  3114
               +---------+---------+-------+---------+---------+-------+---------
           D:1 |       0 |      38 |   0.0 |       0 |      20 |   0.0 |  1393
           D:2 |       0 |      62 |   0.0 |       0 |      20 |   0.0 |  1080
           D:3 |       0 |     131 |   0.0 |       0 |      16 |   0.0 |   641
               +---------+---------+-------+---------+---------+-------+---------
